 Dungeon Crawl Stone Soup version 0.26.1-11-gd32895ea62 (webtiles) character file.

Game seed: 9883307098884009138

1733 tardwrangler69 the Spear-Bearer (level 9, -9/72 HPs)
             Began as a Merfolk Gladiator on Apr 27, 2021.
             Mangled by an orc warrior
             ... wielding a +0 battleaxe
              (26 damage)
             ... on level 6 of the Dungeon.
             The game lasted 00:07:29 (7541 turns).

tardwrangler69 the Spear-Bearer (Merfolk Gladiator) Turns: 7541, Time: 00:07:30

Health: -9/72      AC:  4    Str: 17    XL:     9   Next: 5%
Magic:  9/9        EV: 14    Int:  8    God:
Gold:   334        SH:  0    Dex: 15    Spells: 8/8 levels left

rFire    + . .     SeeInvis .   a - +0 trident
rCold    + . .     Faith    .   (no shield)
rNeg     . . .     Spirit   .   b - +0 leather armour
rPois    .         Reflect  .   c - +0 helmet
rElec    .         Harm     .   x - scarf {rC+ rF+}
rCorr    .         Rampage  .   (no gloves)
Will     .....                  (no boots)
Stlth    +.........             (no amulet)
HPRegen  0.22/turn              (no ring)
MPRegen  0.11/turn              (no ring)

@: no status effects
A: change form in water, swift swim, stealthy swim
a: no special abilities


You were on level 6 of the Dungeon.
You visited 2 branches of the dungeon, and saw 7 of its levels.

You collected 334 gold pieces.

Inventory:

Hand Weapons
 a - a +0 trident (weapon)
Missiles
 d - 4 throwing nets (quivered)
Armour
 b - a +0 leather armour (worn)
 c - a +0 helmet (worn)
 i - a +0 pair of gloves
 m - a +0 cloak
 x - a scarf of resistance (worn)
Wands
 A - a wand of iceblast (9)
 B - a wand of random effects (15)
Scrolls
 h - 4 scrolls of teleportation
 q - 4 scrolls of remove curse
 t - 4 scrolls of identify
 u - 2 scrolls of enchant armour {unknown}
 v - 2 scrolls of magic mapping {unknown}
 w - a scroll of enchant weapon {unknown}
 y - a scroll of immolation {unknown}
Potions
 e - a potion of ambrosia {unknown}
 f - 3 potions of heal wounds
 g - 2 potions of curing
 j - 2 potions of attraction {unknown}
 l - 2 potions of magic
 n - 3 potions of mutation
 p - 2 potions of haste
 s - a potion of flight {unknown}
 z - a potion of might {unknown}
 C - a potion of cancellation {unknown}


   Skills:
 + Level 7.4 Fighting
 * Level 13.3 Polearms
 - Level 2.0 Throwing
 - Level 4.0 Dodging


You had 8 spell levels left.
You didn't know any spells.
Your spell library contained the following spells:

 Spells                   Type           Power        Failure   Level
 Animate Skeleton         Necr           0%           47%         1
 Pain                     Necr           0%           47%         1
 Vampiric Draining        Necr           0%           85%         3
 Animate Dead             Necr           0%           99%         4
 Agony                    Necr           0%           100%        5


Dungeon Overview and Level Annotations

Branches:
Dungeon (6/15)             Temple (1/1) D:4

Altars:
Ashenzari
Cheibriados
Dithmenos
Elyvilon
Gozag
Hepliaklqana
Kikubaaqudgha
Makhleb
Nemelex Xobeh
Qazlal
Ru
Sif Muna
Trog
Uskayaw
Vehumet
Wu Jian
Xom
Yredelemnul
The Shining One
Lugonu

Shops:
D:4 =(   D:5 =

Portals:
Abyss: D:5

Annotations:
D:3 Natasha


Message History

The orc barely misses you.
The orc warrior hits you with a +0 battleaxe!
You hit the orc warrior but do no damage.
The orc warrior is almost dead.
The iguana closely misses you.
You hit the orc warrior but do no damage.
The orc warrior is almost dead.
The orc hits you with a +0 hand axe. The iguana misses you.
The orc warrior hits you with a +0 battleaxe!!
* * * LOW HITPOINT WARNING * * *
You are too injured to fight recklessly!
You are too injured to fight recklessly!
You are too injured to fight recklessly!
You are too injured to fight recklessly!
You completely miss the iguana.
You hit the orc warrior but do no damage.
The orc warrior is almost dead.
The orc closely misses you. The iguana closely misses you.
The orc warrior hits you with a +0 battleaxe!!
You die...

#.......#####
#.#####......
#.#####......
#.##.........
#.##.##......
####รท##.##......
#.......[..#####
#####.########......
#.o@l....#.......###
#.o##.#..#..[....#
#..##.#..#.......#
#.<#..#..#.......#
#.[......#.......#
#..#.#...#.......#
#.....)).#.......#
#.#>.........#####
#.#....###.#.###


You could see an orc warrior, an iguana and an orc.

Vanquished Creatures
  Prince Ribbit (D:6)
  Edmund (D:6)
  Duvessa (D:6)
  2 ogres
  2 centaurs
  A bullfrog (D:6)
  Dowan (D:6)
  A scorpion (D:4)
  3 wights (D:6)
  A howler monkey (D:4)
  A bullfrog zombie (D:5)
  A hound (D:4)
  An orc priest (D:5)
  2 bullfrog skeletons (D:6)
  A jelly (D:6)
  An orc wizard (D:5)
  3 iguanas
  3 centaur skeletons
  Natasha (D:3)
  A worker ant (D:5)
  A hound skeleton (D:4)
  4 gnolls
  8 adders
  3 oozes
  2 adder skeletons (D:5)
  A worm (D:3)
  4 dart slugs
  3 leopard geckos
  12 orcs
  A ball python (D:1)
  4 bats
  4 giant cockroaches
  8 goblins
  6 hobgoblins
  6 kobolds
  A quokka (D:3)
  9 frilled lizards
  A quokka skeleton (D:5)
  11 rats
118 creatures vanquished.

Vanquished Creatures (others)
  A lurking horror (D:5)
1 creature vanquished.

Grand Total: 119 creatures vanquished

Notes
Turn   | Place    | Note
-------+----------+-------------------------------------------
     0 | D:1      | tardwrangler69 the Merfolk Gladiator began the quest for
                  | the Orb.
     0 | D:1      | Reached XP level 1. HP: 16/16 MP: 1/1
   134 | D:1      | Reached XP level 2. HP: 14/23 MP: 2/2
   138 | D:1      | Reached skill level 5 in Polearms
   680 | D:1      | Reached XP level 3. HP: 28/28 MP: 3/3
  1162 | D:2      | Found a snail-covered altar of Cheibriados.
  1173 | D:2      | Reached skill level 6 in Polearms
  1428 | D:2      | Reached XP level 4. HP: 30/35 MP: 4/4
  1703 | D:2      | Found a radiant altar of Vehumet.
  2280 | D:3      | Noticed Natasha
  2288 | D:3      | Killed Natasha
  2289 | D:3      | Reached skill level 7 in Polearms
  2289 | D:3      | Reached XP level 5. HP: 36/41 MP: 5/5
  2365 | D:3      | Noticed a centaur
  2375 | D:3      | Killed a centaur
  2386 | D:3      | Reached skill level 8 in Polearms
  2770 | D:3      | Found a hide-covered altar of Uskayaw.
  2874 | D:3      | Noticed Natasha
  2878 | D:4      | Found Qozedem's Antique Weapon Shop.
  2888 | D:4      | Reached XP level 6. HP: 39/48 MP: 6/6
  3334 | D:4      | Reached skill level 9 in Polearms
  3571 | D:4      | Found Igarukh's Jewellery Shop.
  3604 | D:4      | Reached skill level 5 in Fighting
  3604 | D:4      | Reached XP level 7. HP: 30/56 MP: 7/7
  3803 | D:4      | Found a staircase to the Ecumenical Temple.
  3828 | Temple   | Entered the Ecumenical Temple
  4084 | D:4      | Found a hazy altar of Hepliaklqana.
  4085 | D:4      | Found an opulent altar of Gozag.
  4086 | D:4      | Found a basalt altar of Yredelemnul.
  4302 | D:5      | Entered Level 5 of the Dungeon
  4317 | D:5      | Found Qaneph's Jewellery Emporium.
  4343 | D:5      | Reached skill level 10 in Polearms
  4547 | D:5      | Found a shimmering blue altar of Sif Muna.
  5023 | D:5      | Found a one-way gate to the infinite horrors of the Abyss.
  5029 | D:5      | Found a corrupted altar of Lugonu.
  5689 | D:5      | Found a shadowy altar of Dithmenos.
  5966 | D:6      | Reached skill level 11 in Polearms
  5966 | D:6      | Reached XP level 8. HP: 50/64 MP: 8/8
  6378 | D:6      | Reached skill level 12 in Polearms
  6403 | D:6      | Noticed Edmund
  6437 | D:6      | Killed Edmund
  6443 | D:6      | HP: 3/65 [bullfrog skeleton (7)]
  6858 | D:6      | Noticed Duvessa
  6873 | D:6      | Killed Duvessa
  6874 | D:6      | Noticed Dowan
  6875 | D:6      | Noticed Prince Ribbit
  6883 | D:6      | Killed Dowan
  7090 | D:6      | Killed Prince Ribbit
  7091 | D:6      | Reached skill level 13 in Polearms
  7091 | D:6      | Reached XP level 9. HP: 43/72 MP: 9/9
  7541 | D:6      | Mangled by an orc warrior

Illustrated notes

Levels and vault maps discovered:
D:1:      mrwooster_arrival_statue, layout_loops_ring, bh_walls_and_bars
D:2:      layout_basic, nicolae_overflow_crystal_walls, marbit_many_paths
D:3:      layout_rooms, general_overflow_altar, nrook_loot_triangle,
          uniq_natasha
D:4:      layout_rooms, gammafunk_temple_overflow_claw,
          minmay_temple_entry_mist, serial_shops, shop, nicolae_shop_stone,
          minivault_26
D:5:      layout_cave_pools, old_standard_altar, lemuel_blue_sif_altar,
          serial_shops, shop, serial_column_ruins, column_ruins_open_small,
          column_ruins_open_small, column_ruins_corridor_dead_end,
          column_ruins_columns_straight, column_ruins_open_tiny_water,
          column_ruins_open_tiny, amcnicky_altar_lugonu_corruption
D:6:      layout_loops_cross, nicolae_ossuary_entry_plus, serial_shops, shop,
          uniq_edmund, uniq_duvessa, uniq_prince_ribbit1
Temple:   minmay_temple_curvy_loop

Skill      XL: |  1  2  3  4  5  6  7  8 |
---------------+-------------------------+-----
Polearms       | 5 6 7 8 9 11 13 | 13.3
Fighting       | 3 4 5 7 |  7.4
Throwing       | |  2.0
Dodging        | |  4.0

Action                   |  1- 3 |  4- 6 |  7- 9 || total
-------------------------+-------+-------+-------++-------
Melee: Trident           |    98 |   176 |   287 ||   561
  Use: Potion            |       |     1 |     3 ||     4
       Scroll            |       |       |     9 ||     9
 Stab: Sleeping          |     2 |     2 |       ||     4
       Distracted        |       |       |     1 ||     1
Armor: Leather armour    |    16 |    33 |    24 ||    73
Dodge: Dodged            |    47 |   123 |   122 ||   292
